 Dungeon Crawl Stone Soup version 0.20.0-4-g10b340a (console) character file.

42794 sorlin the Severer (level 13, 0/119 HPs)
             Began as a Minotaur Berserker on May 27, 2017.
             Was an Elder of Trog.
             Slain by an ettin
             ... wielding a +0 dire flail
              (37 damage)
             ... on level 1 of the Orcish Mines.
             The game lasted 00:46:22 (17023 turns).

sorlin the Severer (Minotaur Berserker)            Turns: 17023, Time: 00:46:22

Health: 0/119      AC: 16    Str: 23    XL:     13   Next: 87%
Magic:  12/12      EV:  9    Int:  4    God:    Trog [****..]
Gold:   786        SH:  0    Dex: 14    Spells: 12/12 levels left

rFire    . . .     SeeInvis .   a - +5 battleaxe
rCold    + + .     Gourm    .   (shield currently unavailable)
rNeg     . . .     Faith    +   X - +1 chain mail of Kyus {rPois rC+ Slay+2} (curse)
rPois    +         Spirit   .   (helmet restricted)
rElec    .         Reflect  .   m - +0 cloak
rCorr    .         Harm     .   d - +0 pair of gloves
MR       .....                  V - +0 pair of boots
Stlth    ..........             K - amulet of faith {!P}
Regen    0.3/turn               h - ring of protection from cold
MPRegen  0.2/turn               (no ring)

@: no status effects
A: retaliatory headbutt, horns 2
a: Berserk, Trog's Hand, Brothers in Arms, Burn Spellbooks, Renounce Religion


You were on level 1 of the Orcish Mines.
You worshipped Trog.
Trog was greatly pleased with you.
You were not hungry.

You visited 3 branches of the dungeon, and saw 17 of its levels.

You collected 918 gold pieces.
You spent 132 gold pieces at shops.


Innate Abilities, Weirdness & Mutations

You reflexively headbutt those who attack you in melee.
You have a pair of horns on your head.


   Skills:
 + Level 12.3 Fighting
 - Level 20.0 Axes
 - Level 10.0 Throwing
 + Level 9.7 Armour
 - Level 2.1 Dodging


You had 12 spell levels left.
You didn't know any spells.

Inventory:

Hand Weapons
 a - a +5 battleaxe (weapon)
 b - a +2 hunting sling of freezing
   (You found it on level 2 of the Dungeon)
 R - a +3 antimagic executioner's axe
   (Trog gifted it to you on level 1 of the Lair of Beasts)
Missiles
 D - 99 sling bullets
 H - 2 silver javelins
 L - 15 javelins of penetration
 Q - 18 javelins (quivered)
Armour
 d - a +0 pair of gloves (worn)
 m - a +0 cloak (worn)
 V - a +0 pair of boots (worn)
 X - the cursed +1 chain mail of Kyus (worn) {rPois rC+ Slay+2}
   (You found it on level 6 of the Lair of Beasts)

   It affects your accuracy and damage with ranged weapons and melee attacks
   (+2).
   It protects you from cold.
   It protects you from poison.
   It has a curse placed upon it.
Jewellery
 h - a ring of protection from cold (left hand)
 p - an uncursed ring of ice
 K - an amulet of faith (around neck) {!P}
 T - the ring "Plog" {*Tele +Fly MP-9 Str+4 SInv}
   (You found it on level 6 of the Lair of Beasts)

   [ring of teleportation]

   It may teleport you next to monsters.
   It affects your strength (+4).
   It affects your magic capacity (-9).
   It lets you see invisible.
   It lets you fly.
Wands
 j - a wand of acid (0/15)
 l - a wand of random effects (11/48)
 v - a wand of confusion (0/48)
 A - a wand of flame (23/48)
 E - a wand of polymorph (8/24)
 F - a wand of acid (8/15)
 J - a wand of confusion (17/48)
Scrolls
 g - 2 scrolls of amnesia
 i - 4 scrolls of teleportation {!r}
 k - 11 scrolls of remove curse
 n - 2 scrolls of enchant weapon
 o - a scroll of magic mapping {!r}
 r - 3 scrolls of fear {!r}
 x - 3 scrolls of random uselessness {unknown}
 y - 2 scrolls of immolation {unknown}
 B - a scroll of recharging {unknown}
 C - a scroll of silence {unknown}
 O - a scroll of holy word {unknown}
 S - 2 scrolls of fog {unknown}
 W - a scroll of blinking {unknown}
Potions
 e - 2 potions of brilliance {!q}
 q - a potion of curing
 s - a potion of ambrosia
 t - a potion of berserk rage {!q}
 w - 5 potions of mutation {!q}
 z - 3 potions of lignification {!q}
 I - a potion of might {!q}
 M - a potion of cancellation {!q}
 N - 2 potions of magic {!q}
 P - 3 potions of haste {!q}
 U - a potion of heal wounds {!q}
Comestibles
 c - 11 bread rations {!e}
 f - 3 meat rations {!e}


Message History

The ettin shouts in stereo!
The warg bites you!
You take 9 damage.
You barely miss the warg. The orc warrior barely misses you.
You closely miss the warg. The warg bites you.
You take 1 damage.
You slash the warg! You headbutt the warg!
The warg is severely wounded.
The warg bites you.
The orc warrior hits you but does no damage.
You take 2 damage.
You slice the warg!!
You kill the warg!
Trog accepts your kill.
You slash the orc!
You kill the orc!
Trog accepts your kill.
You fail to use your ability.
The orc warrior hits you from afar with a halberd!
You take 9 damage.
You hit the ettin but do no damage.
You headbutt the ettin, but do no damage.
The ettin closely misses you. You furiously retaliate!
You headbutt the ettin, but do no damage.
The ettin hits you with a dire flail! The orc warrior barely misses you.
You take 17 damage.
You hit the ettin.
The ettin is lightly wounded.
You completely miss something. The ettin hits you with a dire flail!
The ettin hits you with a dire flail!!
* * * LOW HITPOINT WARNING * * *
You take 37 damage.
You are too injured to fight recklessly!
You are too injured to fight recklessly!
Your chain mail of Kyus prevents you from hitting the ettin.
You headbutt the ettin, but do no damage.
The ettin is lightly wounded.
You slice something!! Trog accepts your kill.
Trog appreciates your killing of a magic user.
Reactivating autopickup.
You feel a bit more experienced.
The orc warrior hits you from afar with a halberd!
* * * LOW HITPOINT WARNING * * *
You take 8 damage.
Your two-headed ogre goes berserk!
You feel quite a bit more hungry. Trog will no longer gift you weapons.
The ettin hits you but does no damage. The ettin hits you with a dire flail!!!
You die...

**,*,,,,,,,,,,****,,*,,**
***,,,,,,*..,,##.,,....* *
*,,,,,,#.$.##..,,...#* *
*,,,,,,....#...##...* *
*,,>,,,,.$..#.#....,* *
*,,,,,,..$........,**
**,,,,,,..,#......,** *****
**,,,,,,,...#...).### **,,,**
*,,,,,,,,......)o...## *,,.,,**
*,,,,,,,,#......C....#**...,,,***
,,,,,,,,,#......@....##...#*,,*,*
,**,,,,,,.#.##...O<......#**,,,,,
**,,,,,,,,.,,#...........# **,,,*
***,,,,,,,*.........$...## *,,,,
*****,*,,,#.......$..##.#* **,,,*
**,,*,**,*##.............#**,,,,,
*,,,,,,*,*#..........##.,.*,,,,,,
,*,,,,,,,,............*,,,,,,,,,,
*,,,,,,,,,,........#.#.*,,,,,,,,,
,*,,,,,,,,,,$......,#.,,**,,,,*,,
****,,,,,,*,,,,,*,,,,*,***,,,,,,,


You could see an ettin, an orc warrior and a friendly two-headed ogre (berserk).

Vanquished Creatures
  A hydra (Lair:1)
  3 catoblepae
  2 two-headed ogres (D:10)
  8 death yaks (Lair:6)
  The ghost of RKaid the Cleaver, a novice DDAK of Lugonu (D:8)
  A torpor snail (Lair:6)
  9 elephants
  A merfolk siren (Lair:3)
  7 black mambas
  The ghost of Misericorde the Slasher, a novice VSFi of Gozag (D:6)
  8 spiny frogs
  2 rime drakes
  7 komodo dragons
  4 polar bears
  A troll (D:9)
  13 blink frogs
  10 hippogriffs
  36 yaks
  4 wyverns
  3 basilisks
  A hungry ghost (D:9)
  A steam dragon (D:8)
  2 wargs (Orc:1)
  5 porcupines
  10 water moccasins
  3 sky beasts
  A phantom (D:8)
  3 ice beasts
  5 orc warriors
  A necrophage (D:5)
  8 ogres
  13 wolves (Lair:6)
  4 centaurs
  4 crocodiles
  A big kobold (D:9)
  12 bullfrogs
  A gnoll sergeant (D:7)
  3 scorpions
  8 killer bees
  5 wights (D:6)
  3 howler monkeys
  A centaur zombie (D:9)
  3 jellies (D:9)
  A bullfrog zombie (D:10)
  A quasit (D:10)
  6 crimson imps
  3 hounds
  A bullfrog skeleton (D:5)
  6 orc priests
  10 orc wizards
  Jessica (D:3)
  Ijyb (D:3)
  4 iguanas
  3 worker ants
  15 adders
  7 gnolls
  3 shadow imps
  10 oozes
  3 dart slugs
  2 worms
  3 leopard geckos
  43 orcs
  2 giant cockroaches
  8 hobgoblins
  16 jackals
  12 kobolds
  6 quokkas
  8 bats
  6 frilled lizards
  4 goblins
  A jackal zombie (D:8)
  A leopard gecko skeleton (D:9)
  A quokka skeleton (D:4)
  6 rats
  A bush (Lair:6)
  4 fungi
  4 plants
423 creatures vanquished.

Vanquished Creatures (collateral kills)
  3 hydras
  A deep troll shaman (Lair:6)
  A two-headed ogre (D:10)
  Nergalle (Lair:3)
  A komodo dragon (Lair:1)
  A water moccasin (D:10)
  A bullfrog (Lair:3)
9 creatures vanquished.

Vanquished Creatures (others)
  4 fungi
  4 plants
8 creatures vanquished.

Grand Total: 440 creatures vanquished

Notes
Turn   | Place    | Note
-------+----------+-------------------------------------------
     0 | D:1      | sorlin the Minotaur Berserker began the quest for the Orb.
     0 | D:1      | Reached XP level 1. HP: 19/19 MP: 0/0
   153 | D:1      | Reached skill level 4 in Axes
   161 | D:1      | Reached XP level 2. HP: 20/26 MP: 1/1
   480 | D:2      | Found a basalt altar of Yredelemnul.
   668 | D:2      | Reached skill level 5 in Axes
   669 | D:2      | Reached ** piety under Trog
   699 | D:2      | Reached XP level 3. HP: 30/31 MP: 2/2
   823 | D:2      | HP: 9/31 [poisoned by an adder]
   829 | D:2      | HP: 7/31 [poisoned by an adder]
   834 | D:2      | HP: 6/31 [poisoned by an adder]
  1116 | D:2      | Reached XP level 4. HP: 30/39 MP: 3/3
  1216 | D:2      | Reached skill level 6 in Axes
  1355 | D:3      | Found an opulent altar of Gozag.
  1355 | D:3      | Found a glowing silver altar of Zin.
  1356 | D:3      | Found a stormy altar of Qazlal.
  1744 | D:3      | Reached skill level 7 in Axes
  1744 | D:3      | Reached XP level 5. HP: 16/45 MP: 4/4
  2244 | D:4      | Reached skill level 8 in Axes
  2271 | D:4      | Reached XP level 6. HP: 52/52 MP: 5/5
  2311 | D:4      | Reached skill level 4 in Fighting
  2375 | D:3      | Noticed Jessica
  2379 | D:3      | Killed Jessica
  2395 | D:3      | Reached *** piety under Trog
  2739 | D:3      | Noticed Ijyb
  2751 | D:3      | Killed Ijyb
  2751 | D:3      | Reached skill level 5 in Fighting
  2751 | D:3      | Reached skill level 9 in Axes
  2751 | D:3      | Reached XP level 7. HP: 61/61 MP: 6/6
  3306 | D:5      | Entered Level 5 of the Dungeon
  3478 | D:5      | Reached skill level 6 in Fighting
  3485 | D:5      | Reached skill level 10 in Axes
  3801 | D:5      | Reached skill level 3 in Armour
  3801 | D:5      | Reached XP level 8. HP: 69/70 MP: 7/7
  3939 | D:6      | Found a staircase to the Ecumenical Temple.
  3998 | D:6      | You fall through a shaft for 3 floors!
  4056 | D:9      | Reached skill level 4 in Armour
  4109 | D:8      | Reached skill level 11 in Axes
  4159 | D:7      | Reached **** piety under Trog
  4206 | D:6      | Noticed Misericorde's ghost (novice VSFi)
  4234 | D:6      | Killed Misericorde's ghost
  4234 | D:6      | Reached skill level 12 in Axes
  4234 | D:6      | Reached skill level 5 in Armour
  4238 | D:6      | Reached XP level 9. HP: 64/75 MP: 8/8
  4250 | D:6      | Reached skill level 6 in Armour
  4655 | D:7      | Found a sparkling altar of Nemelex Xobeh.
  4727 | D:7      | Found a sacrificial altar of Ru.
  4750 | D:7      | Reached skill level 13 in Axes
  5179 | D:7      | Found Cuaprik's Distillery.
  5187 | D:7      | Bought a potion of heal wounds for 55 gold pieces
  5187 | D:7      | Bought a potion of agility for 44 gold pieces
  5187 | D:7      | Bought a potion of curing for 33 gold pieces
  5257 | D:7      | HP: 22/75 [poisoned by a gnoll sergeant]
  5265 | D:7      | HP: 22/75 [poisoned by a gnoll sergeant]
  5529 | D:7      | Reached skill level 14 in Axes
  5781 | D:8      | Noticed RKaid's ghost (novice DDAK)
  5805 | D:8      | Killed RKaid's ghost
  5996 | D:8      | Reached XP level 10. HP: 79/83 MP: 9/9
  6054 | D:8      | Reached skill level 15 in Axes
  6538 | D:8      | Found a deep blue altar of Sif Muna.
  6868 | D:9      | Found a staircase to the Lair.
  7069 | D:9      | Reached skill level 16 in Axes
  7237 | D:9      | Reached ***** piety under Trog
  7255 | D:9      | Reached skill level 7 in Fighting
  7297 | D:9      | HP: 23/86 [acid (9)]
  7679 | D:9      | Reached skill level 7 in Armour
  7964 | D:10     | Entered Level 10 of the Dungeon
  8230 | D:9      | Reached skill level 8 in Armour
  8328 | D:10     | Reached skill level 8 in Fighting
  8328 | D:10     | Reached XP level 11. HP: 71/94 MP: 10/10
  8807 | D:10     | Found an opulent altar of Gozag.
  8822 | D:10     | Noticed a two-headed ogre
  8830 | D:10     | Killed a two-headed ogre
  8910 | D:10     | Noticed a two-headed ogre
  8920 | D:10     | Killed a two-headed ogre
  9098 | D:10     | Found a staircase to the Orcish Mines.
  9142 | D:10     | Reached skill level 9 in Armour
  9476 | D:10     | Noticed a two-headed ogre
  9486 | D:10     | Killed a two-headed ogre
  9486 | D:10     | Reached skill level 9 in Fighting
  9528 | Lair:1   | Entered Level 1 of the Lair of Beasts
  9633 | Lair:1   | Reached skill level 17 in Axes
  9674 | Lair:1   | Reached skill level 1 in Throwing
 10285 | Lair:1   | Reached skill level 2 in Throwing
 10527 | Lair:1   | Reached skill level 3 in Throwing
 10564 | Lair:1   | Noticed a seven-headed hydra
 10571 | Lair:1   | Killed a seven-headed hydra
 10571 | Lair:1   | Received a gift from Trog
 11065 | Lair:2   | Reached skill level 18 in Axes
 11291 | Lair:2   | Reached skill level 4 in Throwing
 11295 | Lair:2   | Reached XP level 12. HP: 97/104 MP: 11/11
 11342 | Lair:3   | Found a hole to the Spider Nest.
 11500 | Lair:3   | Noticed Nergalle
 11509 | Lair:3   | Killed Nergalle
 11509 | Lair:3   | Reached skill level 5 in Throwing
 11590 | Lair:3   | Noticed a four-headed hydra
 11596 | Lair:3   | Killed a five-headed hydra
 11955 | Lair:3   | Found a staircase to the Shoals.
 12015 | Lair:3   | Reached skill level 19 in Axes
 12068 | Lair:3   | Reached skill level 6 in Throwing
 12497 | Lair:5   | HP: 20/104 [komodo dragon (20)]
 12502 | Lair:5   | HP: 25/156 [poisoned by a spiny frog]
 12507 | Lair:5   | HP: 15/104 [poisoned by a spiny frog]
 12512 | Lair:5   | HP: 12/104 [poisoned by a spiny frog]
 12518 | Lair:5   | HP: 11/104 [poisoned by a spiny frog]
 12523 | Lair:5   | HP: 11/104 [poisoned by a spiny frog]
 12793 | Lair:5   | Received a gift from Trog
 12839 | Lair:6   | Entered Level 6 of the Lair of Beasts
 13271 | Lair:5   | Noticed a catoblepas
 13282 | Lair:5   | Killed a catoblepas
 13282 | Lair:5   | Reached skill level 7 in Throwing
 13494 | Lair:6   | Reached skill level 20 in Axes
 13504 | Lair:5   | Received a gift from Trog
 13521 | Lair:6   | Reached XP level 13. HP: 73/111 MP: 12/12
 13946 | Lair:6   | HP: 33/112 [black mamba (6)]
 13949 | Lair:6   | HP: 13/112 [blink frog (8)]
 13955 | Lair:6   | HP: 23/112 [blink frog (12)]
 13960 | Lair:6   | Reached skill level 8 in Throwing
 13960 | Lair:6   | HP: 21/169 [poisoned by a water moccasin]
 13965 | Lair:6   | HP: 19/169 [poisoned by a water moccasin]
 13970 | Lair:6   | HP: 30/113 [blink frog (7)]
 14350 | Lair:6   | Reached skill level 10 in Fighting
 14463 | Lair:6   | Received a gift from Trog
 14725 | Lair:6   | Reached skill level 9 in Throwing
 14750 | Lair:6   | Reached skill level 11 in Fighting
 14814 | Lair:6   | Received a gift from Trog
 14817 | Lair:6   | HP: 34/116 [death yak (11)]
 14819 | Lair:6   | HP: 11/116 [death yak (23)]
 15618 | Lair:6   | Found a staircase to the Slime Pits.
 15618 | Lair:6   | Found a viscous altar of Jiyva.
 15933 | Lair:6   | Reached skill level 10 in Throwing
 15942 | Lair:6   | HP: 34/117 [death yak (16)]
 15943 | Lair:6   | Reached skill level 12 in Fighting
 16202 | Lair:6   | Got a crude platinum ring
 16204 | Lair:6   | Identified the ring "Plog" {*Tele +Fly MP-9 Str+4 SInv} (You found it on level 6 of the Lair of Beasts)
 16213 | Lair:6   | Got a heavily runed chain mail
 16224 | Lair:6   | Identified the cursed +1 chain mail of Kyus {rPois rC+ Slay+2} (You found it on level 6 of the Lair of Beasts)
 16497 | Lair:4   | Received a gift from Trog
 16764 | Lair:2   | Found a basalt altar of Yredelemnul.
 16998 | Orc:1    | Entered Level 1 of the Orcish Mines
 17012 | Orc:1    | Noticed an ettin
 17023 | Orc:1    | Slain by an ettin

Vault maps used:
D:1:      dpeg_arrival_lava_altar
D:2:      nicolae_overflow_crystal_walls, first_bread
D:3:      gammafunk_temple_overflow_claw, minmay_statues_item, uniq_ijyb,
          uniq_jessica
D:6:      minmay_temple_entry_statues_fountains, minivault_23,
          grunt_decor_one_mirror
D:7:      lemuel_crystal_altar, basic_altar, serial_shops, nicolae_shop_crystal,
          minmay_misc_feat_room, centaur_isle
D:8:      lemuel_blue_sif_altar
D:9:      dpeg_oklobed_lair, hangedman_little_slice_of_home
D:10:     erik_orc_3, basic_altar
Lair:2:   lemuel_oklob_altar, serial_bayou_shore_a
Lair:3:   minmay_shoals_entry_lonely_mermaid, spider_nest_entry_web_field,
          st_stairs_11, lemuel_fruit_tree, uniq_nergalle
Lair:6:   grunt_lair_end_beastmaster, slime_altar_1
Orc:1:    nicolae_volcano_entry_two_sided

Action                   |  1- 3 |  4- 6 |  7- 9 | 10-12 | 13-15 || total
-------------------------+-------+-------+-------+-------+-------++-------
Melee: Hand axe          |    70 |   158 |   154 |       |       ||   382
       Headbutt          |    10 |    30 |    68 |   117 |    59 ||   284
       War axe           |       |       |   111 |   281 |       ||   392
       Battleaxe         |       |       |       |   251 |   196 ||   447
 Fire: Hunting sling     |       |       |    30 |       |       ||    30
Throw: Javelin           |       |       |     8 |    29 |    25 ||    62
Invok: Berserk           |     1 |     1 |     4 |     5 |     1 ||    12
       Trog's Hand       |       |       |     3 |     1 |     2 ||     6
       Burn Spellbooks   |       |       |     1 |     1 |       ||     2
       Brothers in Arms  |       |       |       |     4 |     5 ||     9
Evoke: Wand              |       |       |    10 |     6 |       ||    16
  Use: Scroll            |       |       |     7 |     6 |     6 ||    19
       Potion            |       |       |       |       |     9 ||     9
 Stab: Petrified         |       |       |       |       |     6 ||     6
  Eat: Chunk             |     1 |     6 |    11 |    10 |     3 ||    31
       Meat ration       |       |       |     1 |       |     1 ||     2
       Royal jelly       |       |       |       |    13 |       ||    13
       Fruit             |       |       |       |     8 |     8 ||    16
Armor: Leather armour    |    12 |       |       |       |       ||    12
       Scale mail        |    26 |    59 |    95 |   191 |    89 ||   460
       Chain mail        |       |       |       |       |    17 ||    17
Dodge: Dodged            |    46 |    75 |   106 |   248 |   109 ||   584
